 Dungeon Crawl Stone Soup version 0.30-a0-748-ge6a52f7cba (webtiles) character file.

Game seed: 8177135520352349747

1353 sircluck the Skirmisher (level 8, -2/40 HPs)
             Began as a Spriggan Hunter on Feb 8, 2023.
             Slain by an orc warrior
             ... wielding a +0 glaive
              (21 damage)
             ... on level 6 of the Dungeon.
             The game lasted 00:10:42 (5716 turns).

sircluck the Skirmisher (Spriggan Hunter)           Turns: 5716, Time: 00:10:42

Health: -2/40      AC:  2    Str: 13    XL:     8   Next: 37%
Magic:  9/9        EV: 20    Int: 11    God:
Gold:   412        SH:  0    Dex: 20    Spells: 7/7 levels left

rFire   . . .      SeeInvis +    a - +0 shortbow
rCold   . . .      Faith    .    (shield currently unavailable)
rNeg    . . .      Spirit   .    c - +0 robe
rPois   .          Reflect  .    (helmet restricted)
rElec   .          Harm     .    (no cloak)
rCorr   .          Rampage  .    (gloves unavailable)
Will    +....                    (boots unavailable)
Stlth   +++                      m - amulet of the acrobat
HPRegen 0.26/turn                o - +6 ring of strength
MPRegen 0.11/turn                (no ring)

@: very quick
A: very small, no large weapons, unfitting armour, see invisible, speed 3
a: no special abilities


You were on level 6 of the Dungeon.
You visited 2 branches of the dungeon, and saw 7 of its levels.

You collected 412 gold pieces.

Inventory:

Hand Weapons
 a - a +0 shortbow (weapon)
 s - a +3 spear of pain
Missiles
 g - 2 curare-tipped darts
 z - 2 throwing nets
 D - 7 poisoned darts
Armour
 c - a +0 robe (worn)
Jewellery
 l - a ring of magical power
 m - an amulet of the acrobat (around neck)
 o - a +6 ring of strength (left hand)
 u - a ring of protection from fire
 v - a ring of willpower
 y - a ring of protection from fire
Scrolls
 b - 3 scrolls of immolation
 d - 4 scrolls of identify {unknown}
 h - 2 scrolls of vulnerability {unknown}
 k - 2 scrolls of amnesia {unknown}
 n - a scroll of magic mapping {unknown}
 p - 4 scrolls of fog {unknown}
 r - 2 scrolls of poison {unknown}
 t - 2 scrolls of silence {unknown}
 B - 4 scrolls of enchant armour {unknown}
 C - a scroll of teleportation {unknown}
Potions
 e - 3 potions of might {unknown}
 f - a potion of brilliance {unknown}
 i - 4 potions of flight {unknown}
 j - 2 potions of curing {unknown}
 q - a potion of invisibility {unknown}
 w - 3 potions of haste {unknown}
 x - a potion of attraction {unknown}
 A - a potion of heal wounds {unknown}


   Skills:
 + Level 3.4 Fighting
 + Level 9.8 Ranged Weapons
 + Level 4.6 Dodging
 + Level 2.7 Stealth


You had 7 spell levels left.
You didn't know any spells.
Your spell library contained the following spells:

 Spells                   Type           Power      Damage    Failure   Level
 Foxfire                  Conj/Fire      0%         2x1d4     34%         1
 Inner Flame              Hex/Fire       0%         N/A       71%         3
 Tukima's Dance           Hex            0%         N/A       71%         3
 Cause Fear               Hex            0%         N/A       98%         4
 Passage of Golubria      Tloc           0%         N/A       98%         4
 Yara's Violent Unravell  Hex/Tmut       0%         3d3       100%        5
 Discord                  Hex            0%         N/A       100%        8


Dungeon Overview and Level Annotations

Branches:
Dungeon (6/15)             Temple (1/1) D:4

Altars:
Dithmenos
Elyvilon
Fedhas
Gozag
Kikubaaqudgha
Makhleb
Qazlal
Ru
Sif Muna
Trog
Uskayaw
Vehumet
Wu Jian
Xom
Yredelemnul
Zin
The Shining One


Innate Abilities, Weirdness & Mutations

You are very small and have problems with some larger weapons.
You are too small for most types of armour.
You have supernaturally acute eyesight. (SInv)
You cover ground extremely quickly. (Speed+++)


Message History

You are too injured to fight recklessly!
You are too injured to fight recklessly!
The orc wizard gestures at you while chanting.
You resist with almost no effort.
You are too injured to fight recklessly!
Fire: a) +0 shortbow
Press: ? - help, Q - select action, (/) - cycle Shift-Dir - straight line, f/p - orc wizard
Aim: an orc wizard, wielding a +0 dagger and wearing a +0 robe (almost dead, slightly transparent, 61% to hit)
You shoot an arrow.
The arrow closely misses the orc wizard.
The orc priest looks satisfied for a moment.
Fire: a) +0 shortbow
Press: ? - help, Q - select action, (/) - cycle Shift-Dir - straight line, f/p - orc wizard
Aim: an orc wizard, wielding a +0 dagger and wearing a +0 robe (almost dead, slightly transparent, 61% to hit)
You shoot an arrow. The arrow hits the orc wizard.
You kill the orc wizard!
Fire: a) +0 shortbow
Press: ? - help, Q - select action, (/) - cycle Shift-Dir - straight line, f - orc
Aim: an orc, wielding a +0 short sword and quivering boomerangs (67% to hit)
You shoot an arrow. The arrow hits the orc!
You kill the orc!
Fire: a) +0 shortbow
Press: ? - help, Q - select action, (/) - cycle Shift-Dir - straight line, f - orc warrior
Aim: an orc warrior, wielding a +0 glaive and wearing a +0 chain mail (moderately wounded, 64% to hit)
You shoot an arrow.
The arrow barely misses the orc warrior.
Fire: a) +0 shortbow
Press: ? - help, Q - select action, (/) - cycle Shift-Dir - straight line, f/p - orc warrior
Aim: an orc warrior, wielding a +0 glaive and wearing a +0 chain mail (moderately wounded, 64% to hit)
You shoot an arrow. The arrow hits the orc warrior!
The orc warrior is severely wounded.
The orc priest looks satisfied for a moment.
Fire: a) +0 shortbow
Press: ? - help, Q - select action, (/) - cycle Shift-Dir - straight line, f/p - orc warrior
Aim: an orc warrior, wielding a +0 glaive and wearing a +0 chain mail (severely wounded, 64% to hit)
You shoot an arrow.
The arrow closely misses the orc warrior.
The orc warrior hits you from afar with a +0 glaive!!
Ouch! That really hurt!
You die...

................)..............#.
.)........####.................##
...............................##
.....................#........[##
.......#.#.....................#.
.......................##......#.
................###....##......'.
....###..........##....##......#.
..(.. ...#+###..@.#............#.
..###......o................##
............)...............##
..........o.................##
/.............#...............
.<.)..........#...............
.......)....###.....#####.....
.....#.....########..####.....
.... #.................###....


You could see an orc warrior and an orc priest.

Vanquished Creatures
  2 black bears
  3 phantoms
  3 scorpions
  A necrophage (D:5)
  4 wights (D:6)
  An orc priest (D:6)
  4 hounds (D:5)
  An iguana (D:4)
  2 orc wizards (D:6)
  Robin (D:3)
  11 gnolls
  3 adders
  2 shadow imps
  A white imp (D:6)
  An ufetubus (D:5)
  A worm (D:5)
  2 dart slugs
  16 orcs
  5 ball pythons
  6 endoplasms
  4 giant cockroaches
  18 goblins
  13 hobgoblins
  2 jackals (D:5)
  3 quokkas
  3 bats
  7 kobolds
  A rat (D:2)
121 creatures vanquished.

Vanquished Creatures (others)
  2 fungi (D:3)
  A plant (D:3)
3 creatures vanquished.

Grand Total: 124 creatures vanquished

Notes
Turn   | Place    | Note
-------+----------+-------------------------------------------
     0 | D:1      | sircluck the Spriggan Hunter began the quest for the Orb.
     0 | D:1      | Reached XP level 1. HP: 10/10 MP: 2/2
   107 | D:1      | Reached XP level 2. HP: 14/14 MP: 3/3
   885 | D:2      | Found a glowing silver altar of Zin.
   903 | D:2      | Reached XP level 3. HP: 16/18 MP: 4/4
   986 | D:2      | Reached skill level 5 in Ranged Weapons
  1616 | D:3      | You fall into a shaft and drop 1 floor!
  1644 | D:4      | Found a staircase to the Ecumenical Temple.
  1701 | D:4      | Reached XP level 4. HP: 2/23 MP: 5/5
  1737 | D:4      | HP: 1/23 [gnoll/+0 spear (8)]
  1907 | Temple   | Entered the Ecumenical Temple
  2011 | D:4      | Reached skill level 6 in Ranged Weapons
  2052 | D:4      | Noticed a scorpion
  2072 | D:4      | Killed a scorpion
  2073 | D:4      | Reached XP level 5. HP: 25/26 MP: 6/6
  2382 | D:3      | Noticed Robin
  2394 | D:3      | Killed Robin
  2515 | D:3      | Found a faded altar of an unknown god.
  2523 | D:3      | Got Plato's Handbook of Pyromancy
  2991 | D:3      | Identified the +1 chain mail of the Archfiend {rPois Str+3}
  3329 | D:5      | Entered Level 5 of the Dungeon
  3343 | D:5      | Reached XP level 6. HP: 12/30 MP: 7/7
  3353 | D:5      | Reached skill level 7 in Ranged Weapons
  3811 | D:5      | Reached XP level 7. HP: 20/35 MP: 8/8
  3871 | D:5      | Found a basalt altar of Yredelemnul.
  3873 | D:5      | Found a stormy altar of Qazlal.
  4155 | D:5      | Reached skill level 8 in Ranged Weapons
  5091 | D:6      | Reached XP level 8. HP: 38/40 MP: 9/9
  5120 | D:6      | Reached skill level 9 in Ranged Weapons
  5716 | D:6      | Slain by an orc warrior

Illustrated notes

Levels and vault maps discovered:
D:1:      ncdulo_smallfort, layout_loops_ring, chequers_mini_garden
D:2:      layout_basic, basic_altar
D:3:      layout_loops_ring, shapermc_ecumenical_altar_rom_forum, uniq_robin
D:4:      layout_rooms, minmay_temple_entry_tees
D:5:      layout_basic, jmf_multi_god_temple, serial_co_window_serial,
          co_window_of_opportunity_a, co_window_paths_a,
          co_window_of_opportunity_a, co_window_of_opportunity_a,
          co_window_corner_a, co_window_corner_cb, co_window_unsneaky_path_b,
          co_window_corner_cb, glass_columns_c, glass_columns_c
D:6:      layout_basic, minmay_quadrilaterals
Temple:   zaba_magenta_temple

Skill      XL: |  1  2  3  4  5  6  7  8 |
---------------+-------------------------+-----
Ranged Weapons | 5 6 7 8 9 |  9.8
Dodging        | 3 4 |  4.6
Fighting       | 2 3 |  3.4
Stealth        | 2 |  2.7

Action                     |  1- 3 |  4- 6 |  7- 9 || total
---------------------------+-------+-------+-------++-------
   Fire: Shortbow          |   106 |   173 |   144 ||   423
 Armour: Robe              |     5 |    11 |       ||    16
  Dodge: Dodged            |    24 |    91 |    67 ||   182

Table legend: (Time is in decaauts)
 A = Elapsed time spent in this place.
 B = Non-inter-level travel time spent in this place.
 C = Inter-level travel time spent in this place.
 D = Time resting spent in this place.
 E = Time spent auto-exploring this place.
 F = Levels seen in this place.
 G = Mean time per level.
                   A        B        C        D        E       F      G
               +--------+--------+--------+--------+--------+-----+--------+
         Total |   4027 |   3577 |    450 |     74 |   2645 |   7 |  575.3 |
       Dungeon |   3977 |   3535 |    442 |     74 |   2621 |   6 |  662.8 |
        Temple |     50 |     42 |      8 |      0 |     24 |   1 |   50.0 |
               +--------+--------+--------+--------+--------+-----+--------+

Top non-repeatable levels by time:
     D:5: 1038 daAuts
     D:6: 748 daAuts
     D:3: 641 daAuts
     D:2: 553 daAuts
     D:4: 498 daAuts
     D:1: 497 daAuts
  Temple: 50 daAuts
